[Event "11th Tamil Nadu Circuit-IM 2024"]
[Site "Chennai"]
[Date "2024.01.13"]
[Round "7.5"]
[White "Khusenkhojaev, Muhammad"]
[Black "Priyanka, K."]
[Result "1/2-1/2"]
[ECO "E66"]
[WhiteElo "2379"]
[BlackElo "2068"]
[Annotator "TA"]
[PlyCount "106"]
[EventDate "2024.01.09"]
[EventType "tourn"]
[EventCountry "IND"]
[SourceTitle "playchess.com"]
[Source "ChessBase"]
[SourceQuality "1"]
[TimeControl "5400+30"]

1. d4 Nf6 2. c4 g6 3. Nf3 Bg7 4. g3 d6 5. Nc3 O-O 6. Bg2 c5 7. O-O Nc6 8. d5 Na5 9. Nd2 e6 10. Qc2 exd5 11. cxd5 Bd7 {[%emt 0:05:29] E66: King's Indian: Fianchetto: 6...c5 7 0-0 Nc6 8 d5.} 12. b3 b5 13. Bb2 Re8 14. Rfe1 Rc8 15. e4 $146 ({Predecessor:} 15. Nce4 Bf5 16. Nxf6+ Qxf6 17. Bxf6 Bxc2 18. Bxg7 Kxg7 19. Rac1 Bf5 20. e4 Bd7 21. f4 {1-0 Maric,A (2405)-Chiburdanidze,M (2510) Jakarta Interzonal (Women) 1993}) 15... b4 16. Ne2 $1 Bb5 17. Nc4 Bxc4 18. bxc4 Nd7 19. Bxg7 Kxg7 20. Bh3 $1 Ne5 21. Bxc8 Qxc8 22. Kg2 Naxc4 23. Ng1 Na3 24. Qd2 $1 a5 25. f4 Nd7 26. Nf3 c4 27. Re2 c3 28. Qd4+ f6 29. e5 $1 fxe5 30. fxe5 dxe5 31. Qa7 $2 {[%emt 0:07:04][%mdl 8192] [#]} (31. Nxe5 $15 Qc5 32. Nc6+ Qxd4 33. Nxd4 Rxe2+ 34. Nxe2) 31... Nb5 $1 $19 32. Qxa5 Qc4 33. Rae1 e4 (33... Qxd5 34. Qxb4 Nd4 35. Qxc3 $11) 34. Ng5 c2 $1 (34... Qxd5 35. Qxb4 (35. Nxe4 $2 Nf6 $19) 35... Nf6 (35... Qxg5 36. a4 $16) 36. Rb1 $15 (36. Nxe4 $2 Nxe4 37. Rxe4 c2 $19)) 35. Rf2 (35. Ne6+ Kg8 (35... Rxe6 36. dxe6 c1=Q 37. exd7 $11) 36. Kh3 c1=Q $19 (36... c1=B $2 37. Rxe4 Qxd5 38. Nf4 $18) (36... c1=R $2 37. Rxe4 Qxd5 38. Nf4 $19)) 35... Qxd5 (35... c1=R 36. Rxc1 Qxd5 (36... Qxc1 $2 37. Ne6+ Kg8 38. Qxb5 $18) 37. Rf7+ Kg8 38. Qxb4 (38. Nxh7 $2 Kxf7 39. Kh3 Kg7 $19) 38... e3+ (38... Qxg5 $2 39. Rxd7 Qe3 40. Qxb5 $18) 39. Kh3 Qxg5 40. Rxd7 Qh5+ 41. Qh4 Qxh4+ 42. Kxh4 $16) 36. Rf7+ $2 (36. Rxc2 {is the only way for White.} Qxg5 37. Qxb4) 36... Kg8 $19 (36... Kh6 37. h4 Qd2+ 38. Kh3 $11) 37. Qxb4 e3+ (37... Qxg5 38. Rxd7 Qf5 39. Qc4+ Kh8 40. Qd5 $14) 38. Kg1 Qxg5 $2 (38... Nd4 $19 39. Qc3 h6 (39... Qxg5 $2 40. Rxd7 Nf3+ 41. Kh1 $19)) 39. Rxd7 $11 Qf5 (39... Re6 $2 40. Rf1 $18) 40. Qc4+ $2 (40. Qb3+ $1 $11 {and White has nothing to worry.} Re6 41. Kg2 (41. Rd8+ $2 Kg7 $19)) 40... Kh8 $19 41. Rf7 Rc8 $1 42. Qb3 $2 (42. Rxf5 Rxc4 43. Rff1 (43. Rxb5 $2 c1=Q $19)) 42... c1=Q $19 (42... c1=R $2 {too greedy.} 43. Qb2+ (43. Rxf5 Rxe1+ 44. Kg2 Nd4 $11) 43... Nc3 44. Rxf5 Rxe1+ 45. Rf1 Rxf1+ 46. Kxf1 $18) 43. Rxf5 Qxe1+ 44. Rf1 {[%emt 0:00:00] [#]} Qe2 $2 (44... Qxf1+ $1 $19 45. Kxf1 e2+ 46. Kxe2 Nd4+ 47. Kf1 Nxb3 48. axb3 Kg7) 45. Qe6 $1 $11 Qc2 (45... Qc4 46. Rf8+ (46. Qxe3 $2 {is the wrong capture.} Nc3 $19) 46... Rxf8 47. Qxc4 $18) 46. Qe5+ Kg8 47. Qd5+ Kh8 48. Qxb5 Qxa2 49. Qe5+ Kg8 50. Qxe3 Qc4 51. Qf3 Qc5+ 52. Rf2 Qc1+ 53. Kg2 Qc6 1/2-1/2

[Event "11th Tamil Nadu Circuit-IM 2024"]
[Site "Chennai"]
[Date "2024.01.13"]
[Round "8.1"]
[White "Wagh Suyog"]
[Black "Priyanka, K."]
[Result "1-0"]
[ECO "A64"]
[WhiteElo "2266"]
[BlackElo "2068"]
[Annotator "RC"]
[PlyCount "131"]
[EventDate "2024.01.09"]
[EventType "tourn"]
[EventCountry "IND"]
[SourceTitle "playchess.com"]
[Source "ChessBase"]
[SourceQuality "1"]
[TimeControl "5400+30"]

1. Nf3 Nf6 2. c4 g6 3. Nc3 Bg7 4. g3 d6 5. d4 O-O 6. Bg2 c5 7. d5 e6 8. O-O Re8 9. Nd2 exd5 10. cxd5 a6 11. a4 Nbd7 12. Ra2 Rb8 13. a5 b5 14. axb6 Nxb6 15. Qc2 a5 16. Rd1 Ba6 17. e4 Nc4 18. Bf1 Nxd2 19. Bxd2 Bxf1 20. Rxf1 Qb6 21. Rfa1 h6 22. Bc1 Qb3 23. Qxb3 Rxb3 24. Rxa5 Ng4 25. Kg2 Bd4 26. Rb5 Rxb5 27. Nxb5 Rxe4 28. h3 Nf6 29. Kf3 Re5 30. Bf4 Rxd5 31. Nc7 Rf5 32. g4 Rxf4+ 33. Kxf4 Bxb2 34. Ra6 Be5+ 35. Ke3 d5 36. Nb5 Kg7 37. f4 Bb2 38. Ra2 Bc1+ 39. Kf3 g5 40. fxg5 Bxg5 41. Ra7 Ne4 42. Nc7 Nc3 43. Ne6+ Kg6 44. Nxc5 d4 45. Ra6+ Kg7 46. Nb3 Bf6 47. Rb6 Be5 48. Ra6 f6 49. Ra7+ Kg6 50. Rd7 Nb5 51. Nd2 Nd6 52. Nb3 Nb5 53. Nc5 f5 54. Nd3 fxg4+ 55. Kxg4 h5+ 56. Kf3 Bh8 57. Nf4+ Kh6 58. Rd5 Nc3 59. Rxh5+ Kg7 60. Rc5 Kf7 61. Rc7+ Kg8 62. Rd7 Bf6 63. Ne6 Nb5 64. Kg4 d3 65. Kf5 Bh4 66. Kg6 1-0

[Event "11th Tamil Nadu Circuit-IM 2024"]
[Site "Chennai"]
[Date "2024.01.13"]
[Round "8.2"]
[White "Harsh Suresh"]
[Black "Khusenkhojaev, Muhammad"]
[Result "0-1"]
[ECO "C84"]
[WhiteElo "2361"]
[BlackElo "2379"]
[Annotator "RC"]
[PlyCount "98"]
[EventDate "2024.01.09"]
[EventType "tourn"]
[EventCountry "IND"]
[SourceTitle "playchess.com"]
[Source "ChessBase"]
[SourceQuality "1"]
[TimeControl "5400+30"]

1. e4 e5 2. Nf3 Nc6 3. Bb5 a6 4. Ba4 Nf6 5. O-O Be7 6. d3 b5 7. Bb3 d6 8. c3 O-O 9. a4 Bb7 10. Bg5 Na5 11. Ba2 c5 12. Nbd2 Ne8 13. Bxe7 Qxe7 14. Re1 Nc7 15. Nf1 Qd7 16. axb5 axb5 17. Ne3 Nc6 18. Qd2 Ne7 19. Bb3 Ne6 20. Nh4 d5 21. exd5 Nxd5 22. Bxd5 Bxd5 23. Nxd5 Qxd5 24. Nf5 Kh8 25. Ne3 Qd7 26. c4 Nf4 27. cxb5 Qxb5 28. Nc4 Qb7 29. f3 f6 30. Qe3 Qb3 31. Red1 Rxa1 32. Rxa1 Nxd3 33. Qe4 h6 34. h4 f5 35. Qd5 Qc2 36. Kh2 Nf4 37. Ne3 Qf2 38. Qxc5 Qxh4+ 39. Kg1 Ne2+ 40. Kf1 Ng3+ 41. Kg1 Rd8 42. Rd1 f4 43. Rxd8+ Qxd8 44. Nf1 Qd1 45. Qc4 Qe1 46. Qc8+ Kh7 47. Qc2+ e4 48. Qc4 Ne2+ 49. Kh2 Qh4# 0-1

[Event "11th Tamil Nadu Circuit-IM 2024"]
[Site "Chennai"]
[Date "2024.01.13"]
[Round "8.3"]
[White "Manik, Mikulas"]
[Black "Podolchenko, Evgeniy"]
[Result "1/2-1/2"]
[ECO "B09"]
[WhiteElo "2342"]
[BlackElo "2357"]
[Annotator "TA"]
[PlyCount "32"]
[EventDate "2024.01.09"]
[EventType "tourn"]
[EventCountry "IND"]
[SourceTitle "playchess.com"]
[Source "ChessBase"]
[SourceQuality "1"]
[TimeControl "5400+30"]

1. e4 g6 2. d4 Bg7 3. Nc3 d6 4. f4 Nf6 5. Nf3 c5 6. Bb5+ Bd7 7. e5 Ng4 8. e6 fxe6 9. Ng5 Bxb5 10. Nxe6 Bxd4 11. Nxd8 Bf2+ 12. Kd2 Be3+ 13. Ke1 Bf2+ 14. Kd2 Be3+ {[%emt 0:00:06] The position is equal.} 15. Ke1 Bf2+ {[%emt 0:00:05] This pair of bishops is nice.} 16. Kd2 Be3+ {[%emt 0:00:41] A rather calm draw.   Best:        	---       	Black=2} 1/2-1/2

[Event "11th Tamil Nadu Circuit-IM 2024"]
[Site "Chennai"]
[Date "2024.01.13"]
[Round "8.4"]
[White "Hemanth Raam"]
[Black "Ziatdinov, Raset"]
[Result "1-0"]
[ECO "C45"]
[WhiteElo "2161"]
[BlackElo "2100"]
[Annotator "TA"]
[PlyCount "85"]
[EventDate "2024.01.09"]
[EventType "tourn"]
[EventCountry "IND"]
[SourceTitle "playchess.com"]
[Source "ChessBase"]
[SourceQuality "1"]
[TimeControl "5400+30"]

1. e4 e5 2. Nf3 Nc6 3. d4 exd4 4. Nxd4 Nf6 5. Nxc6 bxc6 6. e5 Qe7 7. Qe2 Nd5 8. h4 a5 9. c4 Ba6 10. h5 Nb6 {[%emt 0:01:16] Black is slightly better.} 11. Nd2 O-O-O 12. b3 f6 13. Bb2 fxe5 14. O-O-O d6 15. g3 Qe8 16. Bg2 Kb8 17. f4 exf4 (17... Rg8 $11 {was preferrable.}) 18. Qxe8 $16 Rxe8 19. Bxc6 (19. gxf4 d5 $11) 19... Re7 20. g4 (20. gxf4 $16 {Threatens to win with h6.} Bb7 21. Bxb7 Kxb7 22. Rdg1) 20... Bc8 21. g5 {[%emt 0:00:37][%mdl 1024] White has compensation.} Rg8 22. Rdf1 Bd7 (22... Re2 $11) 23. Be4 $14 g6 24. Bf6 Rf7 25. Rxf4 Be7 26. hxg6 hxg6 27. Rhf1 Be8 28. Nf3 c6 29. Nh4 (29. Ne5 $16 dxe5 (29... Rxf6 $2 30. gxf6 dxe5 31. f7 $18) 30. Bxe5+ Kc8 31. Rxf7 Bxf7 32. Rxf7 Bxg5+ 33. Bf4 Bxf4+ 34. Rxf4) 29... Rh7 30. Nf3 (30. Kb2 $14) 30... Kc7 (30... Rf7 $1 $11) 31. Nd4 Bd7 32. Rh1 {[%emt 0:06:30] White has more active pieces.} (32. Bc2 $16) 32... Rxh1+ $11 33. Bxh1 Bxf6 (33... Rf8 $11 {remains equal.}) 34. Rxf6 (34. gxf6 $16 {[%cal Oh1c6] Strongly threatening Bxc6!} Rf8 (34... Rh8 $2 35. f7 $18) 35. Bxc6 (35. f7 Kd8 $16)) 34... c5 {[%emt 0:06:37] [#]} (34... Rh8 $1 $11 {and Black has nothing to worry.} 35. Bf3 Rh2 36. Rxg6 Rxa2) 35. Ne2 (35. Nb5+ $1 $18 Bxb5 36. cxb5) 35... Bf5 (35... a4 $14) 36. Nf4 (36. Nc3 $16) 36... a4 $14 37. Bd5 Rh8 38. Rf7+ Kc8 39. bxa4 Nxd5 ({Black should try} 39... Rh4 $1 $11 40. a5 Nxd5 41. Nxd5 Rxc4+ 42. Kb2 Rc2+ 43. Kb3 Rg2) 40. Nxd5 Rh4 {[%emt 0:02:57] [#]} (40... Rh1+ $1 $14 41. Kb2 Rh2+ 42. Kb3 Rh3+ 43. Nc3 Be4) 41. a5 (41. Ne7+ $1 $16 Kb8 42. Nxf5 Rxc4+ 43. Kb2 Rxa4 44. Nxd6) 41... Rxc4+ $11 42. Kb2 Rd4 $2 (42... Rc2+ $11 43. Kb3 Rg2 44. Nb6+ Kb8) 43. Ne7+ {[%emt 0:00:52] Weighted Error Value: White=0.33/Black=0.32.  Loses game:     	---       	Black=1      Mistake:       	White=8     	Black=8      Inaccurate:     	White=5     	Black=6      OK:         	White=10    	Black=10     Best:        	White=3     	Black=2} 1-0

[Event "11th Tamil Nadu Circuit-IM 2024"]
[Site "Chennai"]
[Date "2024.01.13"]
[Round "8.5"]
[White "Daakshin Arun"]
[Black "Lokesh, N.."]
[Result "1/2-1/2"]
[ECO "D35"]
[WhiteElo "2309"]
[BlackElo "2140"]
[Annotator "TA"]
[PlyCount "75"]
[EventDate "2024.01.09"]
[EventType "tourn"]
[EventCountry "IND"]
[SourceTitle "playchess.com"]
[Source "ChessBase"]
[SourceQuality "1"]
[TimeControl "5400+30"]

1. d4 d5 2. c4 e6 3. Nc3 Be7 4. Bf4 Nf6 5. e3 O-O 6. a3 dxc4 7. Bxc4 a6 8. Nf3 Nbd7 9. O-O b5 10. Be2 c5 11. dxc5 Nxc5 12. b4 Nce4 13. Nxe4 (13. Qxd8 {simplifies} Bxd8 14. Be5 Nxc3 15. Bxc3 Bb7 16. Rfc1) 13... Nxe4 14. Rc1 Bf6 (14... Bb7 $11) 15. Bd3 (15. Ne5 $14) 15... Bb7 16. Rc7 (16. Be5 {simplifies} h6 17. Bxe4 Bxe4 18. Qxd8 Bxd8 19. Rfd1) 16... Qd5 17. Qc2 {[%emt 0:04:12][%cal Oc7b7] [#] And now Rxb7! would win.} Rac8 18. Bxe4 $1 Qxe4 19. Qxe4 Bxe4 {[%emt 0:00:12] A strong pair of Bishops.} 20. Rfc1 (20. Ra7 $15 {deserves consideration.}) 20... Rxc7 $17 21. Rxc7 Rd8 {[%emt 0:01:01] [#] ( -> ...Rd1+)} 22. h3 Bxf3 23. gxf3 {[%emt 0:00:37][%mdl 4096] Endgame. KRB-KRB} g5 24. Bg3 Rd3 25. f4 ({Better is} 25. a4 $1 $15) 25... h6 (25... gxf4 $17 26. Bxf4 Kg7 (26... Rxa3 27. Bh6 $11)) 26. f5 $15 Rxa3 27. fxe6 fxe6 28. Bd6 a5 (28... Bc3 $15) 29. bxa5 $11 {[%emt 0:00:20] The position is equal.} Rxa5 30. Rb7 Ra1+ 31. Kg2 Rb1 32. Kg3 h5 33. f4 Rg1+ 34. Kf2 Rd1 35. fxg5 Bxg5 36. Rxb5 Bxe3+ 37. Kxe3 Rxd6 38. Rxh5 {[%emt 0:00:07] Weighted Error Value: White=0.11 (very precise) /Black=0.11 (very precise) .  Mistake:       	White=3     	Black=3      Inaccurate:     	White=1     	Black=1      OK:         	White=14    	Black=6      Best:        	---       	Black=2      Strong:       	White=1     	---} 1/2-1/2

[Event "11th Tamil Nadu Circuit-IM 2024"]
[Site "Chennai"]
[Date "2024.01.14"]
[Round "9.1"]
[White "Lokesh, N.."]
[Black "Wagh Suyog"]
[Result "1-0"]
[ECO "B92"]
[WhiteElo "2140"]
[BlackElo "2266"]
[Annotator "RC"]
[PlyCount "113"]
[EventDate "2024.01.09"]
[EventType "tourn"]
[EventCountry "IND"]
[SourceTitle "playchess.com"]
[Source "ChessBase"]
[SourceQuality "1"]
[TimeControl "5400+30"]

1. e4 c5 2. Nf3 d6 3. d4 cxd4 4. Nxd4 Nf6 5. Nc3 a6 6. Be2 e5 7. Nf3 Be7 8. Bg5 Nbd7 9. Nd2 b5 10. a4 b4 11. Na2 Rb8 12. c3 bxc3 13. Nxc3 h6 14. Be3 O-O 15. O-O Nc5 16. Qc2 Ne6 17. Bc4 Ng4 18. Nd5 a5 19. Bb5 Nxe3 20. fxe3 Bb7 21. Nc4 Bxd5 22. exd5 Nc5 23. Qc3 Ra8 24. Bc6 Ra7 25. b4 axb4 26. Qxb4 Bg5 27. Kh1 Qe7 28. a5 h5 29. Qb6 Ra6 30. Qb1 h4 31. Ra2 e4 32. Rb2 Qd8 33. Rb6 Ra7 34. Bb7 h3 35. g3 Qd7 36. a6 Qa4 37. Nxd6 Bxe3 38. Bc6 Qd4 39. Nf5 Qd2 40. Rb2 Qc3 41. Rc2 Qa3 42. Ra2 Qc3 43. Rc2 Qd3 44. Rd1 Bd2 45. Rcxd2 Qf3+ 46. Kg1 Qxf5 47. Qb6 e3 48. Qxa7 exd2 49. Qxc5 Qf3 50. Rxd2 Rb8 51. Bb7 Qe4 52. Qf2 Re8 53. Rd1 Qa4 54. Rf1 Re7 55. d6 Rd7 56. Qb6 Qc2 57. a7 1-0

[Event "11th Tamil Nadu Circuit-IM 2024"]
[Site "Chennai"]
[Date "2024.01.14"]
[Round "9.2"]
[White "Ziatdinov, Raset"]
[Black "Daakshin Arun"]
[Result "0-1"]
[ECO "E98"]
[WhiteElo "2100"]
[BlackElo "2309"]
[Annotator "RC"]
[PlyCount "66"]
[EventDate "2024.01.09"]
[EventType "tourn"]
[EventCountry "IND"]
[SourceTitle "playchess.com"]
[Source "ChessBase"]
[SourceQuality "1"]
[TimeControl "5400+30"]

1. d4 Nf6 2. c4 g6 3. Nc3 Bg7 4. e4 d6 5. Nf3 O-O 6. Be2 e5 7. O-O Nc6 8. d5 Ne7 9. Ne1 Nd7 10. Nd3 f5 11. Bd2 f4 12. Bg4 Nf6 13. Bxc8 Rxc8 14. f3 g5 15. Nf2 h5 16. h3 Rf7 17. b4 Bf8 18. Rc1 Ng6 19. a4 Nh4 20. Nb5 c6 21. Na3 Rg7 22. Qe2 Qd7 23. dxc6 bxc6 24. Be1 Be7 25. Rc3 Kf7 26. c5 g4 27. fxg4 hxg4 28. cxd6 gxh3 29. Qc4+ Ke8 30. Rxh3 Nxg2 31. Rh8+ Bf8 32. Kh1 Ne3 33. Qc5 Rh7+ 0-1

[Event "11th Tamil Nadu Circuit-IM 2024"]
[Site "Chennai"]
[Date "2024.01.14"]
[Round "9.3"]
[White "Podolchenko, Evgeniy"]
[Black "Hemanth Raam"]
[Result "1/2-1/2"]
[ECO "D13"]
[WhiteElo "2357"]
[BlackElo "2161"]
[Annotator "RC"]
[PlyCount "21"]
[EventDate "2024.01.09"]
[EventType "tourn"]
[EventCountry "IND"]
[SourceTitle "playchess.com"]
[Source "ChessBase"]
[SourceQuality "1"]
[TimeControl "5400+30"]

1. d4 d5 2. c4 c6 3. Nc3 Nf6 4. cxd5 cxd5 5. Nf3 Nc6 6. Bf4 Nh5 7. Bd2 Nf6 8. Bf4 Nh5 9. Bd2 Nf6 10. Bf4 Nh5 11. Bd2 1/2-1/2

[Event "11th Tamil Nadu Circuit-IM 2024"]
[Site "Chennai"]
[Date "2024.01.14"]
[Round "9.4"]
[White "Khusenkhojaev, Muhammad"]
[Black "Manik, Mikulas"]
[Result "1/2-1/2"]
[ECO "A36"]
[WhiteElo "2379"]
[BlackElo "2342"]
[Annotator "RC"]
[PlyCount "60"]
[EventDate "2024.01.09"]
[EventType "tourn"]
[EventCountry "IND"]
[SourceTitle "playchess.com"]
[Source "ChessBase"]
[SourceQuality "1"]
[TimeControl "5400+30"]

1. c4 g6 2. g3 Bg7 3. Bg2 c5 4. Nc3 Nc6 5. e3 e6 6. Nge2 Nge7 7. O-O O-O 8. d4 cxd4 9. Nxd4 Nxd4 10. exd4 d5 11. cxd5 Nxd5 12. Nxd5 exd5 13. Be3 Be6 14. Qd2 Qd7 15. Bh6 Bh3 16. Bxg7 Kxg7 17. Rfe1 Rfe8 18. a3 Bxg2 19. Kxg2 a6 20. Rxe8 Rxe8 21. Re1 Rxe1 22. Qxe1 f6 23. f3 Kf7 24. Kf2 Qc8 25. Qd2 Qc4 26. Kg2 g5 27. g4 b5 28. Kf2 Kg7 29. Kg2 Kf7 30. Kf2 Kg7 1/2-1/2